 Dungeon Crawl Stone Soup version 0.29-a0-380-gf50f0a9fbc (webtiles) character file.

Game seed: 14625567154175959176

46 dracfodder the Skirmisher (level 3, -11/24 HPs)
             Began as a Gargoyle Berserker on May 5, 2022.
             Was a Follower of Trog.
             Killed by divine providence
             ... invoked by an orc priest
              (15 damage)
             ... on level 2 of the Dungeon.
             The game lasted 00:03:42 (1783 turns).

dracfodder the Skirmisher (Gargoyle Berserker)      Turns: 1783, Time: 00:03:43

Health: -11/24     AC: 13    Str: 22    XL:     3   Next: 68%
Magic:  3/3        EV:  8    Int:  7    God:    Trog [*.....]
Gold:   41         SH:  0    Dex:  9    Spells: 2/2 levels left

rFire   . . .      SeeInvis .   a - +0 mace
rCold   . . .      Faith    .   (no shield)
rNeg    + . .      Spirit   .   b - +0 chain mail
rPois   ∞          Reflect  .   d - +0 helmet
rElec   +          Harm     .   (no cloak)
rCorr   .          Rampage  .   (no gloves)
Will    .....                   (no boots)
Stlth   ..........              (no amulet)
HPRegen 0.08/turn               (no ring)
MPRegen 0.08/turn               (no ring)

@: on berserk cooldown, slowed, very slow
A: sickness immunity, AC +3, negative energy resistance 1, electricity
resistance, torment resistance 1, petrification resistance
a: Renounce Religion, Berserk


You were on level 2 of the Dungeon.
You worshipped Trog.
Trog was aware of your devotion.
You visited 1 branch of the dungeon, and saw 2 of its levels.

You collected 41 gold pieces.

Inventory:

Hand Weapons
 a - a +0 mace (weapon)
Armour
 b - a +0 chain mail (worn)
 d - a +0 helmet (worn)
Scrolls
 c - a scroll of identify {unknown}
 e - a scroll of immolation {unknown}
 f - a scroll of brand weapon {unknown}
 j - 2 scrolls of magic mapping {unknown}
 k - a scroll of enchant weapon {unknown}
Potions
 g - a potion of heal wounds {unknown}
 h - a potion of curing {unknown}
 i - a potion of degeneration {unknown}


   Skills:
 * Level 4.3 Fighting
 + Level 3.5 Maces & Flails
 + Level 2.2 Armour
 + Level 1.7 Dodging
 + Level 0.2 Stealth


You had 2 spell levels left.
You didn't know any spells.
Your spell library was empty.

Dungeon Overview and Level Annotations

Branches:
Dungeon (2/15)

Altars:


Innate Abilities, Weirdness & Mutations

You are immune to sickness and miasma.
Your stone body is resilient. (AC +3)
You are immune to poison.
You resist negative energy. (rN+)
You are resistant to electric shocks. (rElec)
You are resistant to unholy torment.
You are immune to petrification.


Message History

The orc priest is severely wounded.
The orc priest hits you with a +0 flail.
The quokka twitches its whiskers.
You completely miss the orc priest.
The orc priest is severely wounded.
The orc priest hits you but does no damage.
You barely miss the orc priest.
The orc priest is severely wounded.
The orc priest hits you but does no damage.
You barely miss the orc priest.
The orc priest is severely wounded.
Your skin stops crawling.
You feel less strong-willed.
The orc priest calls down the wrath of Beogh upon you.
Beogh smites you!
You closely miss the orc priest.
The orc priest is severely wounded.
The orc priest hits you with a +0 flail.
The endoplasm jiggles.
You barely miss the orc priest.
The orc priest is severely wounded.
The orc priest mumbles some strange prayers to Beogh against you.
Pain shoots through your body!
You hit the orc priest but do no damage.
Your punch misses the orc priest.
The orc priest is severely wounded.
You are no longer berserk.
You are exhausted.
You feel yourself slow down.
You barely miss the orc priest.
The orc priest is severely wounded.
The orc priest hits you with a +0 flail.
* * * LOW HITPOINT WARNING * * *
The orc priest closely misses you.
You closely miss the orc priest.
The orc priest is severely wounded.
The orc priest barely misses you.
The orc priest invokes the aid of Beogh against you.
Beogh smites you!
Ouch! That really hurt!
You die...

#...#.# #...#.#
#...#.# #...#.#
#...#.## ####......#
..........#
#.###......#######Sg
#<........@o{JJKS#
#..#.##.########r#
....#....#
##..###### .


You could see an orc priest, an adder, 2 endoplasms, a quokka, a hobgoblin, a
ball python and a kobold.

Vanquished Creatures
  A worm (D:2)
  A dart slug (D:1)
  An orc (D:2)
  4 ball pythons
  3 bats
  6 endoplasms
  A giant cockroach (D:1)
  7 hobgoblins
  4 kobolds
  2 quokkas (D:1)
  A frilled lizard (D:1)
  A goblin (D:1)
  4 rats (D:1)
36 creatures vanquished.

Notes
Turn   | Place    | Note
-------+----------+-------------------------------------------
     0 | D:1      | dracfodder the Gargoyle Berserker began the quest for the
                  | Orb.
     0 | D:1      | Reached XP level 1. HP: 14/14 MP: 1/1
   229 | D:1      | Reached XP level 2. HP: 16/20 MP: 2/2
   475 | D:1      | Reached skill level 4 in Fighting
   647 | D:1      | Found a faded altar of an unknown god.
   830 | D:1      | Reached XP level 3. HP: 20/24 MP: 3/3
  1634 | D:2      | Reached ** piety under Trog
  1783 | D:2      | Killed from afar by an orc priest

Illustrated notes

Levels and vault maps discovered:
D:1:      tarquinn_simple_flora_water_b, layout_loops_ring,
          chequers_ecumenical_altar_simple_redux, st_stairs_3,
          minmay_parallelograms
D:2:      layout_basic, minmay_circle_x

Skill      XL: |  1  2 |
---------------+-------+-----
Fighting       | 4 |  4.3
Maces & Flails | |  3.5
Armour         | |  2.2
Dodging        | |  1.7
Stealth        | |  0.2

Action                   || total
-------------------------++-------
Melee: Mace              ||   122
Invok: Berserk           ||     1
       Trog's Hand       ||     1
Armor: Animal skin       ||    33
       Chain mail        ||    21
Dodge: Dodged            ||    67

Table legend: (Time is in decaauts)
 A = Elapsed time spent in this place.
 B = Non-inter-level travel time spent in this place.
 C = Inter-level travel time spent in this place.
 D = Time resting spent in this place.
 E = Time spent auto-exploring this place.
 F = Levels seen in this place.
 G = Mean time per level.
                   A        B        C        D        E       F      G
               +--------+--------+--------+--------+--------+-----+--------+
         Total |   1807 |   1720 |     87 |    153 |   1266 |   2 |  903.5 |
       Dungeon |   1807 |   1720 |     87 |    153 |   1266 |   2 |  903.5 |
               +--------+--------+--------+--------+--------+-----+--------+

Top non-repeatable levels by time:
     D:1: 1613 daAuts
     D:2: 194 daAuts
